woodfighter, chaotic female sylph Ranger ----------- ---------- ------ |.........| |........| --.....# |.........| --+--- |........| |.....|# |.........| |....| |........| |.....|# ##..........| |..<.+ ------.--- |...{.|# # ----------- |....| # #-....--# #%# --|-|- # ###------ # # # ## # # # # # @ ### # # # #############@#@###%###############y################### # --|---------[################ # -.-.-- |..........|# #----.-------# |....| |........%.|# #............# |....| |..........|# |..........|#######.....| |..>..^^...-# |...........# |....| ----|------- ------------ ------ # woodfighter the Reconnoiteress Experience level: 12 Strength: 16 Dexterity: 18 Constitution: 16 Intelligence: 15 Wisdom: 15 Charisma: 7 Health: 0(82) Energy: 63(63) Def: 8 Gold: 0 Moves: 25184 Dungeon seed: ZcdswRWX83Wf9hqE Game ID: woodfighter_1470495512 Your Inventory: Amulets p - an uncursed amulet of reflection (being worn) Weapons a - a +2 bow (weapon in hand) b - 140 blessed +3 arrows (in quiver) Armor q - a blessed +4 cloak of magic resistance (being worn) r - an uncursed +1 elven shield Comestibles i - 2 uncursed candy bars A - an uncursed food ration T - an uncursed partly eaten C-ration Z - 3 uncursed lizard corpses Rings u - an uncursed ring of invisibility (on left hand) z - a blessed +1 ring of increase damage (on right hand) Wands N - a wand of digging (0:6) S - a wand of opening (0:6) Tools e - a blessed magic lamp (lit) s - a blessed greased fireproof bag of holding y - an uncursed skeleton key C - a blessed +0 unicorn horn J - a +0 pick-axe Gems W - a blessed luckstone Contents of the bag of holding: 10490 gold pieces 10 +0 elven arrows an uncursed +0 cloak of invisibility an uncursed +0 elven shield an uncursed +0 pair of elven boots 9 uncursed food rations 4 uncursed scrolls of create monster a blessed scroll of enchant armor 3 uncursed scrolls of enchant weapon an uncursed scroll of fire an uncursed scroll of food detection a cursed scroll of food detection a blessed scroll of identify 4 uncursed scrolls of identify 2 uncursed scrolls of light a cursed scroll of light an uncursed scroll of teleportation an uncursed spellbook of confuse monster a blessed spellbook of cure sickness an uncursed spellbook of healing an uncursed spellbook of magic mapping an uncursed spellbook of restore ability an uncursed spellbook of sleep an uncursed spellbook of slow monster a cursed potion of acid an uncursed potion of confusion an uncursed potion of enlightenment a blessed potion of extra healing a cursed potion of extra healing an uncursed potion of full healing an uncursed potion of gain energy 2 uncursed potions of gain level an uncursed potion of hallucination an uncursed potion of levitation an uncursed potion of object detection an uncursed potion of restore ability a cursed potion of sleeping an uncursed potion of speed an uncursed potion of water an uncursed +2 ring of adornment a wand of cold (0:3) a wand of create monster (0:12) a wand of fire (0:8) a wand of fire (0:6) a wand of polymorph (0:7) a wand of striking (0:8) a cursed wand of striking (0:7) a wand of striking (0:6) a +0 unicorn horn a +0 unicorn horn Spells and supernatural/magical abilities: Name Level Category Fail Memory P - polymorph 6 matter 100% 54% W - pray for help -- divine ? -- Your skills at the end: Miscellaneous Skills wands [Basic] Weapon Skills dagger [Basic] bow [Expert] Spellcasting Skills Final Attributes: You were piously aligned. You were poison resistant. You were magic-protected. You saw invisible. You had automatic searching. You had infravision. You were invisible to others. You were displaced. You were stealthy. You had a +1 damage bonus. You were protected. You were protected from shape changers. You had reflection. You were lucky. You had extra luck. Good luck did not time out for you. You are dead. Vanquished creatures: 4 vampire lords 2 nurses a lurker above 2 frost giants a vampire 7 ghosts 2 giant mimics 2 ogre kings an umber hulk 3 large mimics a long worm 3 stalkers 2 air elementals 2 fire elementals 3 xorns 3 giant zombies 4 elf-lords 4 sergeants 6 wargs 6 small mimics an island nymph 2 glass piercers 2 ettin mummies an ogre lord a quantum mechanic 13 trolls a sasquatch a pyrolisk 2 large dogs 5 freezing spheres 3 flaming spheres 2 shocking spheres 3 large cats 3 tigers 2 gargoyles 2 tengu a gelatinous cube 4 chameleons a crocodile a mountain centaur a giant 2 elf mummies a red naga a python 4 wraiths an ettin zombie 2 leather golems 3 Grey-elves 5 soldiers an incubus 3 giant beetles 7 cockatrices 3 wolves 3 winter wolf cubs 2 lynxes 2 panthers 2 gremlins 4 leprechauns 3 quivering blobs a spotted jelly 10 lizards 3 orc-captains 3 giant spiders 4 scorpions 5 iron piercers 4 horses 2 ice vortices 2 black lights 3 vampire bats 6 gnome kings 5 orc mummies an ogre a rust monster 6 owlbears a gold golem a werewolf 5 Green-elves 5 dogs 3 dingos 2 housecats 3 jaguars 7 dwarf lords a blue jelly 2 white unicorns 2 gray unicorns 2 dust vortices a raven 7 plains centaurs 2 snakes 6 human zombies 3 rope golems 5 soldier ants a fire ant 13 bugbears an imp a baby crocodile 7 wood nymphs 12 Mordor orcs 9 Uruk-hai 6 orc shamans 7 rock moles 3 rock piercers a pony 8 fog clouds 5 yellow lights 5 shriekers 4 violet fungi 18 gnome lords 6 gnomish wizards 3 kobold mummies 3 gray oozes 4 elf zombies 4 ghouls 2 straw golems 5 paper golems 8 giant ants 4 little dogs 9 floating eyes 6 kittens 23 dwarves 2 homunculi 3 kobold lords 2 kobold shamans 7 iguanas 5 hill orcs 13 rothes 3 rabid rats 3 centipedes 5 giant bats a monkey 10 orc zombies 10 dwarf zombies 3 wererats 3 werejackals 16 killer bees 2 coyotes 7 gas spores 7 hobbits 5 acid blobs 6 large kobolds 8 geckos 14 hobgoblins 18 giant rats 14 cave spiders 4 brown molds 7 yellow molds 2 green molds 5 red molds 54 gnomes 15 garter snakes 16 manes 5 gnome zombies 15 jackals 2 foxes 5 kobolds 10 newts 4 goblins 5 sewer rats 16 grid bugs 8 bats 12 lichens 4 kobold zombies 808 creatures vanquished. Voluntary challenges: You were vegetarian. You had followed a strict vegan diet until turn 2077. You had been an atheist until turn 3171. You used a wielded weapon 68 times, starting on turn 972. You did not apply a unicorn horn. You read items or engraved 59 times, starting on turn 3611. You never genocided any monsters. You never polymorphed an object. You never changed form. You completed Sokoban on turn 6317, according to the rules. You used 1 wish, starting on turn 19752. You did not wish for any artifacts. You never split a pudding. You wrote Elbereth's name 1 time, starting on turn 12908. You violated your moral code, losing 1 point of alignment, starting on turn 22582. Dungeon overview: The Dungeons of Doom: levels 1 to 23 Level 1 a long staircase Level 2 (vault) a potion shop Level 3 a general store, a fountain Level 4 (leprechaun) a general store stairs to The Gnomish Mines Level 5 (open water) a sink Level 6 many fountains Level 7 an altar to Mars stairs to Sokoban Level 8 an altar to Venus, a sink Level 9 a weapon shop Level 10 Level 11 a fountain, a sink Level 12 a fountain Level 13 (portal) a sink a magic portal Level 14 (big room) Level 15 a fountain Level 16 (Rogue) Level 17 a fountain Level 18 (vault) a fountain Level 19 some fountains Level 20 a fountain Level 21 a fountain Level 22 <- You were here a fountain Level 23 The Gnomish Mines: levels 5 to 12 Level 5 stairs to The Dungeons of Doom Level 6 Level 7 some shops, a temple to Venus, a magic chest, some fountains Level 8 Level 9 Level 10 Level 11 Level 12 a magic chest, some fountains Sokoban: levels 3 to 6 Level 3 a magic chest Level 4 Level 5 Level 6 a magic chest stairs to The Dungeons of Doom History has recorded: On T:1 you entered the Dungeons of Doom to retrieve the Amulet of Yendor! On T:31 you reached level 2 of The Dungeons of Doom. On T:428 you advanced to experience level 2. On T:635 you reached level 3 of The Dungeons of Doom. On T:681 you advanced to experience level 3. On T:1125 you reached level 4 of The Dungeons of Doom. On T:1458 you advanced to experience level 4. On T:1647 you advanced to experience level 5. On T:1830 you reached level 1 of The Gnomish Mines. On T:1922 you reached level 5 of The Dungeons of Doom. On T:2430 you reached level 6 of The Dungeons of Doom. On T:2497 you advanced to experience level 6. On T:2765 you reached level 7 of The Dungeons of Doom. On T:3207 you reached level 8 of The Dungeons of Doom. On T:3371 you reached level 4 of Sokoban. On T:3494 you opened a magic chest. On T:3495 you opened a magic chest. On T:3623 you opened a magic chest. On T:3775 you reached level 3 of Sokoban. On T:3878 you advanced to experience level 7. On T:4675 you reached level 2 of Sokoban. On T:5218 you reached level 1 of Sokoban. On T:6306 you advanced to experience level 8. On T:6317 you advanced to experience level 9. On T:6317 you entered the Sokoban zoo. On T:6725 you opened a magic chest. On T:6750 you opened a magic chest. On T:6751 you opened a magic chest. On T:6752 you opened a magic chest. On T:6880 you opened a magic chest. On T:7692 you reached level 2 of The Gnomish Mines. On T:7946 you reached level 3 of The Gnomish Mines. On T:8445 you opened a magic chest. On T:8446 you opened a magic chest. On T:8447 you opened a magic chest. On T:9172 you opened a magic chest. On T:9173 you opened a magic chest. On T:9962 you entered the Minetown temple On T:9970 you opened a magic chest. On T:10441 you advanced to experience level 10. On T:10524 you opened a magic chest. On T:10525 you opened a magic chest. On T:10530 you opened a magic chest. On T:10531 you opened a magic chest. On T:10536 you opened a magic chest. On T:10537 you opened a magic chest. On T:10709 you opened a magic chest. On T:10736 you opened a magic chest. On T:10737 you opened a magic chest. On T:10771 you reached level 4 of The Gnomish Mines. On T:10827 you reached level 5 of The Gnomish Mines. On T:11314 you reached level 6 of The Gnomish Mines. On T:11924 you reached level 7 of The Gnomish Mines. On T:12329 you opened a magic chest. On T:12330 you opened a magic chest. On T:12808 you reached level 8 of The Gnomish Mines. On T:12808 you reached the bottom of the Mines. On T:13367 you opened a magic chest. On T:14497 you opened a magic chest. On T:14498 you opened a magic chest. On T:14509 you opened a magic chest. On T:14510 you opened a magic chest. On T:14510 you opened a magic chest. On T:14510 you opened a magic chest. On T:14517 you opened a magic chest. On T:14518 you opened a magic chest. On T:14519 you opened a magic chest. On T:14614 you opened a magic chest. On T:14615 you opened a magic chest. On T:14753 you opened a magic chest. On T:14754 you opened a magic chest. On T:14785 you opened a magic chest. On T:14786 you opened a magic chest. On T:14787 you opened a magic chest. On T:15105 you opened a magic chest. On T:15106 you opened a magic chest. On T:15755 you opened a magic chest. On T:15759 you opened a magic chest. On T:15760 you opened a magic chest. On T:15765 you opened a magic chest. On T:15814 you opened a magic chest. On T:15815 you opened a magic chest. On T:15817 you opened a magic chest. On T:15818 you opened a magic chest. On T:15818 you opened a magic chest. On T:15822 you opened a magic chest. On T:15824 you opened a magic chest. On T:15832 you opened a magic chest. On T:15833 you opened a magic chest. On T:15837 you opened a magic chest. On T:15839 you opened a magic chest. On T:15840 you opened a magic chest. On T:15853 you opened a magic chest. On T:15855 you opened a magic chest. On T:15867 you opened a magic chest. On T:15868 you opened a magic chest. On T:15870 you opened a magic chest. On T:15871 you opened a magic chest. On T:16385 you reached level 9 of The Dungeons of Doom. On T:16668 you reached level 10 of The Dungeons of Doom. On T:16913 you reached level 11 of The Dungeons of Doom. On T:17869 you opened a magic chest. On T:17879 you opened a magic chest. On T:17880 you opened a magic chest. On T:17881 you opened a magic chest. On T:18068 you reached level 12 of The Dungeons of Doom. On T:18626 you reached level 13 of The Dungeons of Doom. On T:18756 you reached level 14 of The Dungeons of Doom. On T:19363 you reached level 15 of The Dungeons of Doom. On T:19750 you opened a magic chest. On T:19752 you wished for "blessed fixed greased bag of holding". On T:19754 you opened a magic chest. On T:19763 you opened a magic chest. On T:19764 you opened a magic chest. On T:20138 you opened a magic chest. On T:20139 you opened a magic chest. On T:21168 you advanced to experience level 11. On T:21349 you reached level 16 of The Dungeons of Doom. On T:22025 you reached level 17 of The Dungeons of Doom. On T:22084 you reached level 18 of The Dungeons of Doom. On T:23349 you reached level 19 of The Dungeons of Doom. On T:23774 you reached level 20 of The Dungeons of Doom. On T:23956 you advanced to experience level 12. On T:24191 you reached level 21 of The Dungeons of Doom. On T:24942 you reached level 22 of The Dungeons of Doom. On T:25166 you reached level 23 of The Dungeons of Doom. Score breakdown: Gold: 10490 ( 1049 points) Experience: 12 levels ( 1100 points) Exploration: 23 levels ( 660 points) Discoveries: 37 items ( 1850 points) Variety of kills: 162 monsters ( 2000 points) Major goal: Sokoban/Mines ( 1500 points) Survival: died (score multiplied by 3) Total score: 24477 Latest messages: The elf-lord accepts your challenge! The elf-lord wields a runed broadsword! The elf-lord swings his runed broadsword. The elf-lord hacks you! You shoot 1 arrow. The arrow hits the elf-lord! The elf-lord swings his runed broadsword. The elf-lord slashes you! The elf-lord swings his runed broadsword. The elf-lord slashes you! You shoot 1 arrow. The arrow hits the elf-lord! The elf-lord swings his runed broadsword. The elf-lord hacks you! The elf-lord swings his runed broadsword. The elf-lord slashes you! You shoot 2 arrows. The 1st arrow hits the elf-lord! The 2nd arrow hits the elf-lord! The elf-lord swings his runed broadsword. The elf-lord hacks you! The elf-lord swings his runed broadsword. The elf-lord hacks you! You die... Final status: Goodbye woodfighter the Ranger, killed by an elf-lord... You died in The Dungeons of Doom on dungeon level 22 with 24477 points, and 10490 pieces of gold, after 25184 moves. You were level 12 with a maximum of 82 hit points when you died.